 Dungeon Crawl Stone Soup version 0.22.1-2-g9c5b331383 (webtiles) character file.

31089 DildoBatman the Geomancer (level 13, -4/95 (96) HPs)
             Began as a Formicid Wizard on Dec 2, 2018.
             Was a High Priest of Kikubaaqudgha.
             Slain by a polar bear (14 damage)
             ... in an ice cave.
             The game lasted 01:09:42 (11664 turns).

DildoBatman the Geomancer (Formicid Wizard)        Turns: 11664, Time: 01:09:43

HP:   -4/95 (96)    AC: 14    Str: 14    XL:     13   Next: 93%
MP:   4/31          EV: 13    Int: 27    God:    Kikubaaqudgha [*****.]
Gold: 1083          SH:  0    Dex:  9    Spells: 8/24 levels left

rFire    . . .     SeeInvis +   a - +11 broad axe of Causality {freeze, Str+2 Int+4}
rCold    . . .     Gourm    .   (no shield)
rNeg     . . .     Faith    .   o - +3 troll leather armour
rPois    .         Spirit   .   (helmet unavailable)
rElec    .         Reflect  .   (no cloak)
rCorr    .         Harm     .   X - +0 pair of gloves
MR       +....                  (no boots)
Stlth    +++.......             (no amulet)
HPRegen  0.65/turn              t - ring of magical power
MPRegen  0.22/turn              O - +5 ring of protection

@: very slightly contaminated
A: permanent stasis, dig shafts and tunnels, four strong arms, antennae 3
a: Dig, Shaft Self, Receive Corpses, Torment, Renounce Religion


You were in an ice cave.
You worshipped Kikubaaqudgha.
Kikubaaqudgha was extremely pleased with you.
You were hungry.

You visited 3 branches of the dungeon, and saw 13 of its levels.
You also visited: Ice Cave.

You collected 1180 gold pieces.
You spent 97 gold pieces at shops.

Inventory:

Hand Weapons
 a - the +11 broad axe of Causality (weapon) {freeze, Str+2 Int+4}
   (You found it on level 10 of the Dungeon)

   It has been specially enchanted to freeze those struck by it, causing extra
   injury to most foes and up to half again as much damage against particularly
   susceptible opponents.
   It can also slow down cold-blooded creatures.
   It affects your strength (+2).
   It affects your intelligence (+4).
 b - a +2 spear of venom
 c - a +1 shortbow of freezing
 d - a +1 battleaxe of flaming
Missiles
 D - 245 arrows
Armour
 o - a +3 troll leather armour (worn)
 p - the +0 robe of Trumpets {rF+ rN+++ MR+ Dex-5}
   (You took it off a gnoll on level 5 of the Dungeon)

   It affects your dexterity (-5).
   It protects you from fire.
   It renders you almost immune to negative energy.
   It affects your resistance to hostile enchantments.
 Q - the +4 ring mail of the Friends {+Fly rC+++ rCorr Slay-2}
   (You found it on level 5 of the Dungeon)

   It affects your accuracy and damage with ranged weapons and melee attacks
   (-2).
   It renders you almost immune to cold.
   It lets you fly.
   It provides partial protection from all sources of acid and corrosion.
 X - a +0 pair of gloves (worn)
Jewellery
 t - a ring of magical power (left hand)
 B - an uncursed ring of fire
 F - an uncursed ring of flight
 H - the ring of Doleal {rCorr rN++ Str-4 Int+4}
   (You took it off Harold on level 8 of the Dungeon)

   [ring of resist corrosion]

   It affects your strength (-4).
   It affects your intelligence (+4).
   It greatly protects you from negative energy.
 K - an uncursed ring of protection from fire
 O - a +5 ring of protection (right hand)
Wands
 s - a wand of paralysis (19)
 J - a wand of flame (42)
 P - a wand of acid (16)
 R - a wand of iceblast (9)
Scrolls
 e - 2 scrolls of fog
 j - 2 scrolls of fear
 m - 3 scrolls of enchant weapon
 x - 3 scrolls of remove curse
 z - a scroll of identify
 C - 2 scrolls of magic mapping
Potions
 g - a potion of magic {unknown}
 h - 2 potions of might {unknown}
 q - 2 potions of invisibility {unknown}
 u - 4 potions of brilliance {unknown}
 w - 3 potions of curing
 A - 2 potions of heal wounds {unknown}
 L - 2 potions of flight {unknown}
Miscellaneous
 V - a phial of floods
Comestibles
 f - 33 chunks of flesh
 v - 23 rations


   Skills:
 - Level 7.1 Fighting
   Level 4.0 Short Blades
 * Level 7.3(7.8) Axes
   Level 2.8(5.4) Maces & Flails
 - Level 2.7(5.3) Polearms
 - Level 6.0 Armour
 - Level 4.0 Dodging
 - Level 8.0 Stealth
 - Level 6.0 Spellcasting
 - Level 4.0 Conjurations
 - Level 6.3 Hexes
 - Level 4.0 Charms
   Level 1.0 Summonings
 * Level 9.0 Necromancy
   Level 0.8 Translocations
 - Level 3.0 Air Magic
 * Level 9.4 Earth Magic
 - Level 6.0 Poison Magic
 - Level 7.0 Evocations


You had 8 spell levels left.
You knew the following spells:

 Your Spells              Type           Power        Failure   Level  Hunger
a - Borgnjor's Vile Clut  Necr/Erth      ######....   4%          5    #####..
b - Slow                  Hex            #####...     1%          2    None
c - Magic Dart            Conj           ####         1%          1    None
d - Regeneration          Chrm/Necr      #####.....   1%          3    None
e - Mephitic Cloud        Conj/Pois/Air  ####....     4%          3    None
z - Sublimation of Blood  Necr           ######....   1%          2    None

Your spell library contained the following spells:

 Spells                   Type           Power        Failure   Level  Hunger
 Pain                     Necr           ####         1%          1    None
 Corpse Rot               Necr           N/A          1%          2    None
 Dispel Undead            Necr           ######..     5%          5    #####..
 Call Imp                 Summ           ##......     8%          2    None
 Conjure Flame            Conj/Fire      ###.....     11%         3    None
 Bolt of Draining         Conj/Necr      #####.....   16%         5    #####..
 Excruciating Wounds      Chrm/Necr      #####.....   16%         5    #####..
 Simulacrum               Ice/Necr       ####......   88%         6    ######.
 Blink                    Tloc           Unusable     N/A         2    N/A

Dungeon Overview and Level Annotations

Branches:
Dungeon (11/15)            Temple (1/1) D:6            Lair (0/6) D:11
    Orc (1/2) D:10

Altars:
Ashenzari
Cheibriados
Dithmenos
Elyvilon
Fedhas
Gozag
Hepliaklqana
Kikubaaqudgha
Makhleb
Nemelex Xobeh
Okawaru
Qazlal
Ru
Sif Muna
Trog
Uskayaw
Vehumet
Wu Jian
Xom
Yredelemnul
Zin
The Shining One
Beogh

Shops:
D:6 (   D:7 }   D:8 (   D:9 *   Orc:1 ?


Innate Abilities, Weirdness & Mutations

You cannot be hasted, slowed, berserked, paralysed or teleported.
You can dig through walls and to a lower floor.
Your four strong arms can wield two-handed weapons with a shield.
You have a pair of large antennae on your head. (SInv)


Message History

The zombie hands constrict the polar bear.
The polar bear escapes!
The polar bear struggles to escape constriction.
Casting: Borgnjor's Vile Clutch (safe; 4% risk of failure)
Confirm with . or Enter, or press ? or * to list all spells.
Aiming: Borgnjor's Vile Clutch (safe; 4% risk of failure)
Press: ? - help, Dir - move target cursor, f/p - polar bear
Aim: a polar bear (almost dead, berserk, fast, unusually strong) Decaying hands burst forth from the earth!
Zombie hands grab the polar bear.
You are feeling hungry.
The zombie hands constrict the polar bear.
You kill the polar bear!
Kikubaaqudgha accepts your kill.
The zombie hands constrict the polar bear.
The polar bear bites you! The polar bear closely misses you. x2
The polar bear bites you!
You die...
Kikubaaqudgha rasps: "You have failed me!
Welcome... death!"

#..###..##
##.##
##.÷# #..#
##÷# ##..#
##.# #..##
#.## ...
#.## #.##
#..# #..#
#..# #...#
#..# ##.#
#... ##@#
##.#
#Yh###h#
###.##
#h.{#h##
#.#.#
#..#.#
##...#
#{h.#
#.#.##
##h##
##.##.#
### #.##
.# #..# ##
##.##


You could see 3 polar bears and a wolf.

Vanquished Creatures
  An orc warlord (Orc:1)
  An ice dragon (D:10)
  Harold (D:8)
  Erica (D:9)
  2 two-headed ogres
  An orc high priest (Orc:1)
  Urug (D:10)
  2 unseen horrors
  2 deep elf magi (Orc:1)
  A deep elf archer (Orc:1)
  A wolf spider zombie (D:8)
  4 orc sorcerers
  An ugly thing (D:11)
  5 centaur zombies (D:8)
  A cyclops (Orc:1)
  An ice statue (IceCv)
  A kobold demonologist (D:10)
  A komodo dragon (D:10)
  A yaktaur (D:10)
  2 hellwings (D:8)
  10 polar bears (IceCv)
  A hornet (D:9)
  2 trolls
  2 hippogriffs
  A meliai zombie (D:8)
  15 yaks
  A wyvern (D:10)
  Eustachio (D:7)
  Grum (D:9)
  3 vampire mosquitoes (D:11)
  A hungry ghost (D:10)
  Edmund (D:3)
  3 wargs (Orc:1)
  A soldier ant (D:9)
  An acid dragon (D:11)
  2 water moccasins
  A porcupine (D:11)
  11 orc warriors
  4 phantoms
  10 ice beasts
  2 sky beasts
  4 black bears
  22 wolves
  8 centaurs
  A necrophage (D:10)
  11 ogres
  6 bullfrogs
  4 scorpions
  2 wyvern skeletons
  11 killer bees
  6 howler monkeys
  13 wights
  7 electric eels (D:10)
  5 crimson imps
  6 hounds
  A bullfrog zombie (D:6)
  4 bullfrog skeletons
  2 jellies
  6 orc wizards
  2 centaur skeletons
  4 orc priests
  4 iguanas
  13 worker ants
  2 hound zombies
  A hound skeleton (D:5)
  3 gnolls
  10 adders
  7 shadow imps
  An ooze (D:4)
  4 adder skeletons
  An adder zombie (D:8)
  3 worms
  2 dart slugs (D:1)
  5 leopard geckos
  36 orcs
  2 ball pythons
  4 giant cockroaches
  7 goblins
  7 hobgoblins
  9 jackals
  7 quokkas
  10 bats
  5 frilled lizards
  A jackal zombie (D:6)
  3 kobolds
  2 quokka skeletons
  A quokka zombie (D:5)
  3 rats
  6 plants (D:10)
389 creatures vanquished.

Vanquished Creatures (others)
  A killer bee (D:9)
  A gnoll shaman (Orc:1)
  A hound skeleton (D:7)
  An adder skeleton (D:7)
  2 fungi (D:11)
  3 plants
  A withered plant (D:8)
10 creatures vanquished.

Grand Total: 399 creatures vanquished

Notes
Turn   | Place    | Note
-------+----------+-------------------------------------------
     0 | D:1      | DildoBatman the Formicid Wizard began the quest for the
                  | Orb.
     0 | D:1      | Reached XP level 1. HP: 13/13 MP: 4/4
    18 | D:1      | Reached skill level 1 in Conjurations
    54 | D:1      | Reached XP level 2. HP: 17/19 MP: 1/6
   437 | D:1      | Reached XP level 3. HP: 24/24 MP: 7/7
   464 | D:1      | Learned a level 2 spell: Slow
   468 | D:1      | Learned a level 3 spell: Mephitic Cloud
   532 | D:1      | Reached skill level 1 in Axes
   795 | D:2      | Reached XP level 4. HP: 24/30 MP: 5/9
   811 | D:2      | Found a shattered altar of Ashenzari.
  1337 | D:3      | Noticed an ogre
  1453 | D:3      | Found a basalt altar of Yredelemnul.
  1503 | D:3      | Found an ornate altar of the Wu Jian Council.
  1523 | D:3      | Killed an ogre
  1523 | D:3      | Reached skill level 1 in Fighting
  1523 | D:3      | Reached skill level 1 in Armour
  1523 | D:3      | Reached skill level 1 in Poison Magic
  1523 | D:3      | Reached XP level 5. HP: 37/37 MP: 3/10
  1993 | D:3      | Reached XP level 6. HP: 25/43 MP: 11/11
  2126 | D:4      | Found a bloodstained altar of Trog.
  2131 | D:4      | Reached skill level 1 in Air Magic
  2172 | D:4      | Noticed an ogre
  2183 | D:4      | Noticed Edmund
  2306 | D:4      | Killed an ogre
  2306 | D:4      | Reached skill level 1 in Short Blades
  2329 | D:4      | Found a hazy altar of Hepliaklqana.
  2416 | D:4      | Reached XP level 7. HP: 44/50 MP: 3/13
  2586 | D:4      | Found a stormy altar of Qazlal.
  2586 | D:4      | Found a blossoming altar of Fedhas.
  2826 | D:5      | Entered Level 5 of the Dungeon
  2826 | D:5      | Noticed Eustachio
  2908 | D:5      | Reached skill level 1 in Evocations
  2929 | D:5      | Found a sacrificial altar of Ru.
  2937 | D:5      | Got a dazzling ring mail
  2985 | D:4      | Identified the +4 ring mail of the Friends {+Fly rC+++
                  | rCorr Slay-2} (You found it on level 5 of the Dungeon)
  3038 | D:5      | Got a faintly glowing robe
  3051 | D:5      | Identified the +0 robe of Trumpets {rF+ rN+++ MR+ Dex-5}
                  | (You took it off a gnoll on level 5 of the Dungeon)
  3106 | D:5      | Got a fabulously ornate robe
  3133 | D:5      | Identified the cursed +1 robe of the Harvest Moon {rPois
                  | rN+ MP-9} (You found it on level 5 of the Dungeon)
  3211 | D:5      | Reached skill level 1 in Polearms
  3211 | D:5      | Reached XP level 8. HP: 56/56 MP: 5/14
  3443 | D:5      | Reached skill level 1 in Hexes
  3509 | D:5      | Found a snail-covered altar of Cheibriados.
  3614 | D:6      | Found a staircase to the Ecumenical Temple.
  3624 | Temple   | Entered the Ecumenical Temple
  3740 | Temple   | Became a worshipper of Kikubaaqudgha
  3759 | D:6      | Found Raiv's Weapon Emporium.
  4221 | D:6      | Found a deep blue altar of Sif Muna.
  4745 | D:3      | Killed Edmund
  4745 | D:3      | Reached skill level 5 in Poison Magic
  4878 | D:6      | Reached XP level 9. HP: 23/61 MP: 15/15
  4915 | D:7      | Found Urchau's Gadget Boutique.
  5072 | D:7      | Reached * piety under Kikubaaqudgha
  5072 | D:7      | Identified Kikubaaqudgha's Disquisition on Necromancy
                  | (Kikubaaqudgha gifted it to you on level 7 of the Dungeon)
  5072 | D:7      | Received a gift from Kikubaaqudgha
  5072 | D:7      | Reached skill level 5 in Hexes
  5171 | D:7      | Learned a level 3 spell: Regeneration
  5174 | D:7      | Learned a level 2 spell: Sublimation of Blood
  5350 | D:7      | Killed Eustachio
  5612 | D:8      | Reached skill level 1 in Charms
  5677 | D:8      | Reached skill level 1 in Necromancy
  5942 | D:8      | Found Bupulest's Weapon Shoppe.
  5989 | D:8      | Reached XP level 10. HP: 69/70 MP: 16/16
  6075 | D:8      | Found a shimmering altar of Xom.
  6077 | D:8      | Found a hide-covered altar of Uskayaw.
  6078 | D:8      | Found a glowing golden altar of the Shining One.
  6164 | D:8      | Reached skill level 1 in Maces & Flails
  6267 | D:8      | Reached skill level 5 in Stealth
  6288 | D:8      | HP: 3/71 [hellwing (7)]
  6371 | D:8      | Noticed Harold
  6586 | D:8      | Killed Harold
  6589 | D:8      | Got a fine platinum ring
  6611 | D:8      | Identified the ring of Doleal {rCorr rN++ Str-4 Int+4} (You
                  | took it off Harold on level 8 of the Dungeon)
  6690 | D:8      | Reached XP level 11. HP: 72/78 MP: 17/17
  6805 | D:8      | Reached skill level 5 in Fighting
  6805 | D:8      | Reached skill level 5 in Armour
  6840 | D:8      | Reached ** piety under Kikubaaqudgha
  7146 | D:9      | Noticed Erica
  7170 | D:9      | Killed Erica
  7368 | D:9      | Noticed Grum
  7388 | D:9      | Killed Grum
  7774 | D:9      | Found Mobboenn's Assorted Antiques.
  7788 | D:9      | Bought a fizzy emerald potion for 33 gold pieces
  7961 | D:9      | Reached *** piety under Kikubaaqudgha
  7961 | D:9      | Identified Kikubaaqudgha's Tome of Evil (Kikubaaqudgha
                  | gifted it to you on level 9 of the Dungeon)
  7961 | D:9      | Received a gift from Kikubaaqudgha
  7969 | D:9      | Reached skill level 5 in Evocations
  7979 | D:9      | Learned a level 5 spell: Borgnjor's Vile Clutch
  8182 | D:10     | Entered Level 10 of the Dungeon
  8379 | D:10     | Reached skill level 1 in Earth Magic
  8590 | D:10     | Noticed an orc sorcerer
  8590 | D:10     | Noticed an orc sorcerer
  8628 | D:10     | Killed an orc sorcerer
  8641 | D:10     | Killed an orc sorcerer
  8661 | D:10     | Reached XP level 12. HP: 87/89 MP: 18/18
  8702 | D:10     | Found a staircase to the Orcish Mines.
  8736 | D:10     | Noticed an ice dragon
  8772 | D:10     | Killed an ice dragon
  8776 | D:10     | Noticed a two-headed ogre
  8987 | D:10     | Killed a two-headed ogre
  8987 | D:10     | Reached skill level 5 in Spellcasting
  8987 | D:10     | Reached skill level 5 in Necromancy
  9123 | D:10     | Got a translucent broad axe
  9132 | D:10     | Got a crystal morningstar
  9244 | D:10     | Identified the +11 broad axe of Causality {freeze, Str+2
                  | Int+4} (You found it on level 10 of the Dungeon)
  9268 | D:10     | Identified the +3 morningstar of the Dragonfly {vamp, rC+
                  | Int+2} (You found it on level 10 of the Dungeon)
  9421 | D:10     | Noticed an unseen horror
  9441 | D:10     | Reached **** piety under Kikubaaqudgha
  9446 | D:10     | Killed an unseen horror
  9609 | D:10     | Noticed Urug
  9683 | D:10     | Killed Urug
  9929 | D:11     | Noticed an unseen horror
  9941 | D:11     | Killed an unseen horror
  9993 | D:11     | Reached skill level 5 in Earth Magic
 10174 | D:11     | Reached ***** piety under Kikubaaqudgha
 10179 | D:11     | Reached XP level 13. HP: 95/95 MP: 22/22
 10497 | D:11     | Found a staircase to the Lair.
 10752 | Orc:1    | Entered Level 1 of the Orcish Mines
 10752 | Orc:1    | Found Leurruf's Magic Scroll Shop.
 10821 | Orc:1    | Bought a scroll of identify for 32 gold pieces
 10821 | Orc:1    | Bought a scroll of identify for 32 gold pieces
 10842 | Orc:1    | Noticed an orc warlord
 10904 | Orc:1    | Reached skill level 5 in Axes
 11046 | Orc:1    | Found a frozen archway.
 11101 | Orc:1    | Found a roughly hewn altar of Beogh.
 11164 | Orc:1    | Killed an orc warlord
 11301 | IceCv    | Entered an ice cave
 11664 | IceCv    | Slain by a polar bear

Skill      XL: |  1  2  3  4  5  6  7  8  9 10 11 12 13 |
---------------+----------------------------------------+-----
Conjurations   | 1 2 3 4 |  4.0
Axes           | 1 4 7 |  7.3
Dodging        | 2 3 4 |  4.0
Fighting       | 1 2 3 4 6 7 |  7.1
Armour         | 1 2 4 6 |  6.0
Stealth        | 3 4 6 8 |  8.0
Poison Magic   | 1 2 4 6 |  6.0
Air Magic      | 1 2 3 |  3.0
Short Blades   | 1 2 3 4 |  4.0
Spellcasting   | 4 6 |  6.0
Evocations     | 1 3 4 5 7 |  7.0
Polearms       | 1 2 |  2.7
Hexes          | 4 6 |  6.3
Charms         | 1 3 4 |  4.0
Necromancy     | 1 3 4 6 9 |  9.0
Maces & Flails | 2 |  2.8
Earth Magic    | 2 6 9 |  9.4
Summonings     | |  1.0
Translocations | |  0.8

Action                   |  1- 3 |  4- 6 |  7- 9 | 10-12 | 13-15 || total
-------------------------+-------+-------+-------+-------+-------++-------
Melee: Unarmed           |    11 |       |       |       |       ||    11
       Hand axe          |    52 |    47 |       |       |       ||    99
       Short sword       |       |    40 |    70 |       |       ||   110
       Spear             |       |       |   248 |   310 |       ||   558
       Dagger            |       |       |    81 |   303 |       ||   384
       War axe           |       |       |     1 |       |       ||     1
       Morningstar       |       |       |     1 |     5 |       ||     6
       Broad axe         |       |       |       |   139 |   216 ||   355
 Cast: Magic Dart        |    37 |    68 |    96 |    41 |     3 ||   245
       Mephitic Cloud    |       |     9 |    29 |    68 |     8 ||   114
       Regeneration      |       |       |     5 |    20 |    10 ||    35
       Slow              |       |       |       |    31 |       ||    31
       Borgnjor's Vile C |       |       |       |     6 |    27 ||    33
       Sublimation of Bl |       |       |       |       |     1 ||     1
 Abil: Dig               |       |     5 |     8 |    15 |    13 ||    41
Evoke: Wand              |       |       |     3 |     2 |       ||     5
  Use: Scroll            |       |       |     8 |     6 |     4 ||    18
       Potion            |       |       |       |     1 |       ||     1
 Stab: Sleeping          |     3 |     1 |     3 |     4 |     6 ||    17
       Confused          |       |     7 |    16 |    38 |     2 ||    63
       Paralysed         |       |       |    16 |     8 |       ||    24
  Eat: Chunk             |       |     6 |    16 |    22 |    15 ||    59
       Ration            |       |       |       |     1 |       ||     1
Armor: Robe              |    25 |    21 |    23 |     9 |       ||    78
       Ring mail         |       |       |    56 |   125 |       ||   181
       Troll leather arm |       |       |       |   151 |    91 ||   242
Dodge: Dodged            |    40 |    50 |   136 |   374 |   196 ||   796
